 Dungeon Crawl Stone Soup version 0.30-a0-948-g4fa250aae5 (webtiles) character file.

Game seed: 13924500361496006194

66208 Shard1697 the Bludgeoner (level 14, -1/99 HPs)
             Began as a Demonspawn Fighter on Mar 27, 2023.
             Was the Champion of Hepliaklqana.
             Slain by a death scarab (13 damage)
             ... on level 1 of the Spider Nest.
             The game lasted 00:46:38 (18496 turns).

Shard1697 the Bludgeoner (Demonspawn Fighter)      Turns: 18496, Time: 00:46:38

Health: -1/99      AC: 20    Str: 20    XL:     14   Next: 78%
Magic:  18/24      EV: 12    Int: 14    God:    Hepliaklqana [******]
Gold:   1330       SH:  0    Dex: 13    Spells: 18/27 levels left

rFire   . . .      SeeInvis .    a - +1 dire flail (vamp)
rCold   . . .      Faith    .    (shield currently unavailable)
rNeg    . . .      Spirit   .    O - +0 acid dragon scales
rPois   +          Reflect  .    Q - +0 hat {Int+3}
rElec   .          Rampage  .    p - +0 cloak
rCorr   +                        G - +1 pair of gloves
Will    +....                    s - +1 pair of boots
Stlth   +++                      x - amulet of the acrobat
HPRegen 0.36/turn                g - ring of poison resistance
MPRegen 0.19/turn                A - +4 ring of protection

@: spiked, slowed, very slow
A: reduced essence, horns 1, slimy green scales 2, ignite blood 2, spiny 1,
bedeviling
a: Renounce Religion, Recall Ancestor, Ancestor Identity, Transference, Idealise


You were on level 1 of the Spider Nest.
You worshipped Hepliaklqana.
Hepliaklqana was exalted by your worship.
You visited 4 branches of the dungeon, and saw 19 of its levels.
You also visited: Ossuary and Bailey.

You collected 1498 gold pieces.
You spent 168 gold pieces at shops.

Inventory:

Hand Weapons
 a - a +1 vampiric dire flail (weapon)
 b - a +2 battleaxe
 w - a +2 great mace of freezing
Armour
 c - a +2 chain mail of cold resistance
 p - a +0 cloak (worn)
 s - a +1 pair of boots (worn)
 G - a +1 pair of gloves (worn)
 O - +0 acid dragon scales (worn)
 Q - a +0 hat of intelligence (worn)
 X - a +0 tower shield
Jewellery
 g - a ring of poison resistance (left hand)
 r - a ring of ice
 x - an amulet of the acrobat (around neck)
 y - a +6 ring of dexterity
 A - a +4 ring of protection (right hand)
 B - an amulet of faith
 F - a ring of protection from fire
Wands
 j - a wand of polymorph (10)
 v - a wand of charming (15)
 C - a wand of digging (20)
 M - a wand of light (7)
 N - a wand of roots (12)
Scrolls
 h - a scroll of poison
 l - 5 scrolls of identify
 o - 6 scrolls of magic mapping
 q - a scroll of vulnerability
 u - 2 scrolls of enchant weapon
 E - 5 scrolls of fog
 I - 3 scrolls of enchant armour
 L - 5 scrolls of teleportation
 P - a scroll of blinking
 S - a scroll of amnesia
 T - 2 scrolls of silence
 U - a scroll of immolation
Potions
 d - 2 potions of might
 e - 8 potions of curing
 f - a potion of mutation
 i - 4 potions of invisibility
 k - a potion of ambrosia
 m - a potion of flight
 n - 5 potions of haste
 t - 5 potions of attraction
 z - a potion of cancellation
 D - 2 potions of magic {unknown}
 H - 6 potions of resistance
 J - 4 potions of brilliance
 W - a potion of heal wounds
Miscellaneous
 K - a tin of tremorstones (2/2)
 V - a lightning rod (4/4)


   Skills:
 - Level 10.4 Fighting
 + Level 15.4 Maces & Flails
 + Level 5.1 Armour
 + Level 4.0 Dodging
 - Level 7.1 Stealth
 - Level 2.6 Shields
 - Level 7.0 Spellcasting
 - Level 9.9 Hexes
 - Level 3.1 Translocations
 - Level 10.0 Invocations
 - Level 4.1 Evocations


You had 18 spell levels left.
You knew the following spells:

 Your Spells              Type           Power      Damage    Failure   Level
a - Lesser Beckoning      Tloc           26%        N/A       8%          2
b - Cause Fear            Hex            24%        N/A       3%          4
t - Confusing Touch       Hex            49%        N/A       1%          3

Your spell library contained the following spells:

 Spells                   Type           Power      Damage    Failure   Level
 Gell's Gravitas          Tloc           13%        N/A       16%         3
 Teleport Other           Tloc           13%        N/A       16%         3
 Kiss of Death            Conj/Necr      16%        2d6       19%         1
 Magic Dart               Conj           16%        1d3       19%         1
 Fulminant Prism          Conj/Hex       14%        3d8       22%         4
 Call Imp                 Summ           4%         N/A       26%         2
 Kindle Blastsparks       Fire/Tloc/Air  14%        2d11      34%         3
 Ignite Poison            Fire/Tmut/Pois 4%         N/A       47%         3
 Mephitic Cloud           Conj/Pois/Air  4%         N/A       47%         3
 Iskenderun's Mystic Bla  Conj/Tloc      9%         2d4       67%         4
 Airstrike                Air            2%         2d(1-17)  87%         4
 Dispel Undead            Necr           4%         3d7       87%         4
 Sticky Flame             Conj/Fire      4%         2d3       87%         4
 Summon Lightning Spire   Summ/Air       4%         N/A       87%         4
 Lee's Rapid Deconstruct  Erth           2%         3d4*      99%         5
 Plasma Beam              Fire/Air       2%         2x1d13    99%         5
 Summon Cactus Giant      Summ           2%         N/A       100%        6
 Dragon Form              Tmut           2%         N/A       100%        7
 Ignition                 Fire           2%         3d3       100%        8
 Summon Horrible Things   Summ           2%         N/A       100%        8
 Dragon's Call            Summ           2%         N/A       100%        9


Dungeon Overview and Level Annotations

Branches:
Dungeon (11/15)            Temple (0/1) D:6            Lair (5/5) D:11
  Swamp (0/4) Lair:2       Spider (1/4) Lair:3        Slime (0/5) Lair:5
    Orc (2/2) D:9             Elf (0/3) Orc:2       Ossuary (visited)
 Bailey (visited)

Altars:
Ashenzari
Cheibriados
Hepliaklqana
Makhleb
Nemelex Xobeh
Qazlal
Ru
Uskayaw
Wu Jian
Yredelemnul

Shops:
Orc:1 !   Orc:2 :([*(

Portals:
Hell: Lair:5

Annotations:
D:1 2 transporters
D:7 1 runed translucent door


Innate Abilities, Weirdness & Mutations

Your life essence is reduced to manifest your ancestor. (-10% HP)
You have a pair of small horns on your head.
You are mostly covered in slimy green scales. (AC +3)
Your demonic aura often causes spilled blood to erupt in flames.
You are partially covered in sharp spines.
Your hexes are more powerful.


Message History

Idiot seems to slow down.
The redback bites you but does no damage.
The redback bites itself!
The jumping spider is engulfed in blazing flames.
The jumping spider appears confused.
The jumping spider is struck by your spines.
You kill the jumping spider!
Idiot barely misses the death scarab.
The redback bites you but does no damage.
The orb spider weaves a glowing orb of energy.
An orb of destruction comes into view.
You hit the redback.
The redback is almost dead.
The death scarab bites you!!
The death scarab draws strength from your injuries!
The death scarab bites you!!
* * * LOW HITPOINT WARNING * * *
The death scarab drains your vigour!
You feel as though you will be slow longer.
The death scarab draws strength from your injuries!
Idiot misses the death scarab.
The death scarab closely misses idiot.
The redback bites you but does no damage.
The redback is engulfed in blazing flames.
The redback appears confused.
The redback is struck by your spines. The redback bites you!
* * * LOW HITPOINT WARNING * * *
Idiot hits the death scarab with a +0 dagger of draining!
The torpor snail bites idiot!
Blink to where?
Press: ? - help, Dir - move target
As you read the scroll of blinking, it crumbles to dust.
The redback is engulfed in blazing flames.
You kill the redback!
Idiot is recalled.
The death scarab barely misses you.
The orb spider spins a strand of pure energy.
Hepliaklqana grants idiot healing and protection!
Idiot is healed somewhat.
The death scarab bites you!
You die...

### ##.##### ..#.#.# #.....#
###### ###.... .#..###.#.R###
#####...#......@.#
##.##^..###.....B.##
#..#....#.##.##....##
...##........#.....s### ##
....##.......#........###.#
.##.....#...(.....#.w.....###
##.#....##...#######...°w...#
####.^#.###.# .......°s#.^..#
#...#...### .......##....^#


You could see the friendly idiot the hexer (slow, idealised), a torpor snail, an
orb spider (charged), a death scarab (ally target) and a redback.

Vanquished Creatures
  Saint Roka (Orc:1)
  Gastronok (D:11)
  Donald (Orc:2)
  2 orc warlords
  A dire elephant (Lair:5)
  2 hydras
  Erolcha (D:11)
  3 boulder beetles
  A catoblepas (Lair:5)
  2 two-headed ogres
  10 death yaks (Lair:5)
  Urug (Lair:4)
  Sonja (Lair:4)
  A sun demon (Lair:5)
  A bog body (Lair:2)
  A wizard (Lair:5)
  A wolf spider (Lair:4)
  3 orc sorcerers (Orc:2)
  2 orc knights
  A cyclops (D:11)
  A gargoyle (D:11)
  6 black mambas
  A demonic crawler (Spider:1)
  3 orange demons (Lair:5)
  9 cane toads
  2 rime drakes
  2 ice devils (Lair:5)
  6 komodo dragons
  A red devil (Lair:5)
  4 trolls
  A polar bear (Lair:2)
  A hornet (D:8)
  2 blink frogs (Lair:5)
  Prince Ribbit (D:7)
  6 dream sheep
  2 jumping spiders
  3 wyverns
  4 wraiths (D:11)
  2 shadows
  4 spriggans (Bailey)
  27 yaks
  A basilisk (Lair:5)
  2 steam dragons (D:9)
  Grum (D:11)
  Menkaure (D:7)
  7 redbacks
  A swamp worm (Lair:2)
  8 wargs
  3 acid dragons
  4 hell hounds (Lair:5)
  12 water moccasins
  A black bear (D:6)
  3 ice beasts
  29 orc warriors
  4 ogres
  4 centaurs
  20 wolves
  A kobold brigand (D:9)
  4 elf zombies (Ossuary)
  9 bullfrogs
  A scorpion (D:7)
  A gnoll sergeant (D:11)
  6 wights
  A hexer (Orc:1)
  5 killer bees (D:9)
  An electric eel (Lair:2)
  2 howler monkeys (D:10)
  7 hounds
  A human zombie (Ossuary)
  14 orc priests
  Crazy Yiuf (D:2)
  2 jellies (D:5)
  2 sleepcaps
  A gnoll bouda (D:9)
  3 iguanas
  20 orc wizards
  Natasha (D:2)
  3 hell rats (Lair:3)
  2 mummies (Ossuary)
  16 gnolls
  5 adders
  A shadow imp (D:7)
  A white imp (D:7)
  3 worms
  5 dart slugs
  73 orcs
  6 ball pythons
  2 endoplasms
  A giant cockroach (D:2)
  8 goblins
  4 hobgoblins
  5 jackals
  A quokka (D:1)
  5 bats
  A frilled lizard (D:3)
  12 hobgoblin zombies (Ossuary)
  9 kobolds
  8 kobold zombies (Ossuary)
  6 orc zombies (Ossuary)
  5 rats
  2 rat zombies (Ossuary)
  A fungus (Lair:5)
494 creatures vanquished.

Vanquished Creatures (collateral kills)
  Josephine (D:10)
  A hydra (Lair:5)
  2 two-headed ogres
  2 death yaks (Lair:5)
  3 bog bodies (Lair:2)
  A wolf spider (Lair:4)
  A torpor snail (Lair:5)
  A cane toad (Lair:5)
  A smoke demon (Lair:5)
  A komodo dragon (Lair:5)
  A troll (Orc:2)
  2 blink frogs (Lair:5)
  A hornet (D:10)
  2 dream sheep (Lair:5)
  2 culicivoras
  8 yaks
  A steam dragon (Bailey)
  A warg (Orc:2)
  2 water moccasins
  7 orc warriors (Orc:2)
  A black bear (D:5)
  A centaur (D:9)
  2 ogres
  A phantom (D:5)
  9 wolves
  A kobold brigand (D:6)
  A bullfrog (Lair:4)
  2 scorpions
  2 wights (D:7)
  A hound (D:6)
  6 orc priests
  Natasha (D:2)
  An iguana (D:5)
  2 sleepcaps (D:6)
  10 orc wizards
  2 hell rats (Lair:3)
  3 gnolls
  An ufetubus (D:7)
  An adder zombie (Ossuary)
  A dart slug (D:3)
  20 orcs
  A giant cockroach (D:3)
  2 goblins
  A hobgoblin (D:3)
  A jackal (D:1)
  A kobold (D:4)
  A jackal zombie (D:7)
  A kobold zombie (Ossuary)
  2 orc zombies (Ossuary)
120 creatures vanquished.

Vanquished Creatures (others)
  11 hexers
  An orc (Orc:2)
  15 fungi
  28 plants
55 creatures vanquished.

Grand Total: 669 creatures vanquished

Notes
Turn   | Place    | Note
-------+----------+-------------------------------------------
     0 | D:1      | Shard1697 the Demonspawn Fighter began the quest for the
                  | Orb.
     0 | D:1      | Reached XP level 1. HP: 18/18 MP: 1/1
    30 | D:1      | Reached skill level 2 in Maces & Flails
   229 | D:1      | Gained mutation: You are partially covered in sharp spines.
                  | [demonic ancestry]
   229 | D:1      | Reached XP level 2. HP: 24/24 MP: 2/2
   258 | D:1      | Found a faded altar of an unknown god.
   264 | D:1      | Prayed at the altar of an unknown god.
   264 | D:1      | Became a worshipper of Hepliaklqana the Forgotten
   264 | D:1      | Reached * piety under Hepliaklqana
   892 | D:2      | Reached skill level 3 in Maces & Flails
   929 | D:2      | Reached XP level 3. HP: 26/26 MP: 3/3
  1065 | D:2      | Noticed Natasha
  1072 | D:2      | Killed Natasha
  1073 | D:2      | Reached skill level 4 in Maces & Flails
  1073 | D:2      | Reached XP level 4. HP: 15/31 MP: 4/4
  1370 | D:2      | Found a runed translucent door.
  1371 | D:2      | Noticed Crazy Yiuf
  1382 | D:2      | Killed Crazy Yiuf
  1484 | D:2      | Noticed Natasha
  1489 | D:2      | Killed Natasha
  1490 | D:2      | Gained mutation: You are partially covered in slimy green
                  | scales. (AC +2) [demonic ancestry]
  1490 | D:2      | Reached XP level 5. HP: 36/36 MP: 5/5
  1713 | D:3      | Reached ** piety under Hepliaklqana
  1714 | D:3      | Remembered your ancestor idiot as a hexer
  2076 | D:3      | Reached skill level 5 in Maces & Flails
  2599 | D:4      | Found an ornate altar of the Wu Jian Council.
  2646 | D:4      | Reached *** piety under Hepliaklqana
  3040 | D:5      | Entered Level 5 of the Dungeon
  3157 | D:5      | Noticed a black bear
  3160 | D:5      | Killed a black bear
  3161 | D:5      | Gained mutation: Your demonic aura sometimes causes spilled
                  | blood to erupt in flames. [demonic ancestry]
  3161 | D:5      | Reached XP level 6. HP: 42/43 MP: 6/6
  3260 | D:5      | Found a sacrificial altar of Ru.
  3260 | D:5      | Found a sparkling altar of Nemelex Xobeh.
  3272 | D:5      | Reached skill level 6 in Maces & Flails
  3452 | D:5      | Gained mutation: You have a pair of small horns on your
                  | head. [demonic ancestry]
  3452 | D:5      | Reached XP level 7. HP: 49/49 MP: 7/7
  3479 | D:5      | Found a snail-covered altar of Cheibriados.
  3500 | D:5      | Found a burning altar of Makhleb.
  3698 | D:5      | Reached skill level 5 in Fighting
  3949 | D:6      | Reached **** piety under Hepliaklqana
  3995 | D:6      | Reached skill level 1 in Invocations
  3999 | D:6      | Reached skill level 7 in Maces & Flails
  4122 | D:6      | Reached XP level 8. HP: 56/57 MP: 9/9
  4437 | D:6      | Found a staircase to the Ecumenical Temple.
  4514 | D:7      | Noticed Menkaure
  4526 | D:7      | Killed Menkaure
  4538 | D:7      | Found a flagged portal.
  4598 | Bailey   | Entered a bailey
  4615 | Bailey   | Reached skill level 8 in Maces & Flails
  4643 | Bailey   | Reached XP level 9. HP: 36/64 MP: 12/12
  4724 | Bailey   | Reached skill level 5 in Invocations
  4827 | Bailey   | Noticed a two-headed ogre
  4833 | Bailey   | Killed a two-headed ogre
  4834 | Bailey   | Reached skill level 9 in Maces & Flails
  4977 | D:7      | Found a hide-covered altar of Uskayaw.
  5012 | D:7      | Found a sand-covered staircase.
  5021 | Ossuary  | Entered an ossuary
  5541 | D:7      | Noticed Prince Ribbit
  5544 | D:7      | Reached XP level 10. HP: 72/74 MP: 13/15
  5552 | D:7      | Killed Prince Ribbit
  5672 | D:7      | Found a runed translucent door.
  5676 | D:7      | Found a basalt altar of Yredelemnul.
  6013 | D:8      | Reached skill level 10 in Maces & Flails
  6115 | D:8      | Found a broken altar of Ashenzari.
  6448 | D:9      | Reached skill level 10 in Fighting
  6800 | D:9      | Found a staircase to the Orcish Mines.
  6918 | D:9      | Found a stormy altar of Qazlal.
  6957 | D:9      | Noticed a two-headed ogre
  6965 | D:9      | Killed a two-headed ogre
  6966 | D:9      | Reached skill level 1 in Dodging
  6966 | D:9      | Reached skill level 1 in Evocations
  6973 | D:9      | Reached skill level 11 in Maces & Flails
  6973 | D:9      | Gained mutation: You are mostly covered in slimy green
                  | scales. (AC +3) [demonic ancestry]
  6973 | D:9      | Reached XP level 11. HP: 79/82 MP: 17/17
  7276 | D:10     | Entered Level 10 of the Dungeon
  7339 | D:10     | Reached ***** piety under Hepliaklqana
  7869 | D:10     | Noticed a two-headed ogre
  7878 | D:10     | Killed a two-headed ogre
  8138 | D:11     | Noticed Grum
  8170 | D:11     | Killed Grum
  8175 | D:11     | Noticed Gastronok
  8388 | D:11     | Killed Gastronok
  8414 | D:11     | Noticed Josephine
  8449 | D:10     | Killed Josephine
  8668 | D:11     | Found a staircase to the Lair.
  8776 | D:11     | Noticed Erolcha
  8786 | D:11     | Killed Erolcha
  8787 | D:11     | Reached skill level 12 in Maces & Flails
  9243 | Orc:1    | Entered Level 1 of the Orcish Mines
  9262 | D:9      | Reached skill level 10 in Invocations
  9270 | D:9      | Gained mutation: Your hexes are more powerful. [demonic
                  | ancestry]
  9270 | D:9      | Reached XP level 12. HP: 65/88 MP: 19/19
  9274 | D:9      | Learned a level 2 spell: Lesser Beckoning
  9279 | D:9      | Learned a level 4 spell: Cause Fear
  9508 | Orc:1    | Reached skill level 1 in Hexes
  9682 | Orc:2    | Entered Level 2 of the Orcish Mines
  9682 | Orc:2    | Found Giepp's Assorted Antiques.
  9688 | Orc:2    | Reached skill level 1 in Spellcasting
  9688 | Orc:2    | Noticed Donald
  9705 | Orc:2    | Killed Donald
  9717 | Orc:2    | Noticed an orc warlord
  9838 | Orc:1    | Killed an orc warlord
 10107 | Orc:2    | Found a staircase to the Elven Halls.
 10217 | Orc:2    | Noticed Saint Roka
 10593 | Lair:1   | Entered Level 1 of the Lair of Beasts
 11060 | Lair:1   | Learned a level 3 spell: Confusing Touch
 11641 | Lair:2   | Reached skill level 13 in Maces & Flails
 12168 | Lair:2   | Reached skill level 5 in Hexes
 12422 | Lair:2   | Found a staircase to the Swamp.
 12430 | Lair:2   | Reached skill level 5 in Spellcasting
 12632 | Lair:3   | Noticed a boulder beetle
 12662 | Lair:3   | Killed a boulder beetle
 12858 | Lair:3   | Found a hole to the Spider Nest.
 12949 | Lair:3   | Gained mutation: Your demonic aura often causes spilled
                  | blood to erupt in flames. [demonic ancestry]
 12949 | Lair:3   | Reached XP level 13. HP: 36/90 MP: 21/21
 13843 | Lair:4   | Noticed Urug
 13879 | Lair:4   | Killed Urug
 13913 | Lair:4   | Reached ****** piety under Hepliaklqana
 14020 | Lair:4   | Noticed Sonja
 14031 | Lair:4   | Killed Sonja
 14252 | Lair:4   | Reached skill level 14 in Maces & Flails
 14910 | Lair:5   | Entered Level 5 of the Lair of Beasts
 14932 | Lair:5   | Reached skill level 1 in Stealth
 15149 | Lair:5   | Found a staircase to the Slime Pits.
 15414 | Lair:5   | Got the Handbook of Companions
 15519 | Lair:5   | Reached XP level 14. HP: 74/99 MP: 24/24
 16038 | Lair:5   | Found a burning altar of Makhleb.
 16047 | Lair:5   | Reached skill level 5 in Stealth
 16845 | Lair:5   | Found a gateway to Hell.
 16857 | Lair:5   | Reached skill level 15 in Maces & Flails
 17244 | Orc:1    | Killed Saint Roka
 17245 | Orc:1    | Reached skill level 1 in Translocations
 17330 | Orc:1    | Found Loissea's Distillery.
 17350 | Orc:1    | Bought a potion of might for 56 gold pieces
 17350 | Orc:1    | Bought a potion of ambrosia for 112 gold pieces
 17688 | Orc:2    | Found Elugomp's Book Shop.
 17770 | Orc:2    | Noticed an orc warlord
 17787 | Orc:2    | Found Qysk's Antique Weapon Shoppe.
 17794 | Orc:2    | Killed an orc warlord
 17798 | Orc:2    | Found Rofah's Antique Armour Emporium.
 18024 | Orc:2    | Found Olurean Daock's Antique Weapon Emporium.
 18250 | Spider:1 | Entered Level 1 of the Spider Nest
 18282 | Spider:1 | Reached skill level 5 in Armour
 18496 | Spider:1 | Slain by a death scarab

Illustrated notes

Levels and vault maps discovered:
D:1:      spicycebolla_arrival_transporter_tutorial, layout_basic,
          ebering_ecumenical_altar_box
D:2:      layout_loops_ring, uniq_crazy_yiuf_cottage, uniq_natasha
D:3:      layout_basic
D:4:      layout_basic, mainiacjoe_overflow_24_doors, dk_noncrumbling_4,
          minmay_fractal_squares_diagonal_5
D:5:      layout_loops_ring, lemuel_round_altar,
          mainiacjoe_overflow_tiny_flanked, nicolae_overflow_two_pavilions
D:6:      layout_rooms, temple_hall
D:7:      layout_cave_pools, dk_yredelemnul_ordeal, lemuel_doored_altar,
          enter_bailey_5, enter_ossuary_3, uniq_prince_ribbit1, uniq_menkaure
D:8:      layout_rooms, nicolae_ashenzari_skybound
D:9:      layout_gridville, old_standard_altar, david_orc_3, grunt_ministairs_3
D:10:     layout_layer_cave
D:11:     layout_gridville, hellmonk_lair_entry_icy, uniq_erolcha,
          uniq_gastronok, uniq_josephine, uniq_grum
Lair:1:   layout_loops_ring
Lair:2:   layout_hall_layers, nicolae_swamp_entry_splash_gauntlet,
          serial_rivers, chequers_serial_rivers_large_b,
          chequers_serial_rivers_small_b, chequers_serial_rivers_micro_d,
          chequers_serial_rivers_micro_a, chequers_serial_rivers_room_b
Lair:3:   beast_lair_carwin_large_1, layout_gridlike,
          nicolae_spider_entry_tight_spaces, nzn_sisyphean_effort
Lair:4:   layout_regular_city, nicolae_lair_run_with_the_wolves, uniq_sonja,
          uniq_urug
Lair:5:   evil_forest, layout_cellular_growth, slime_entry_1
Spider:1: layout_spider_delve, uniq_agnes
Orc:1:    layout_caves, serial_shops, nicolae_shop_stone, mines5_lemuel
Orc:2:    grunt_orc_community_town_hall, layout_diamond_mine,
          grunt_orc_community_big_house_1, grunt_orc_community_big_house_2,
          grunt_orc_community_house_2, grunt_orc_community_house_3,
          grunt_orc_community_house_2, grunt_orc_community_house_2,
          grunt_orc_community_house_2, basic_altar, serial_shops, shop,
          uniq_saint_roka, uniq_donald

Skill      XL: |  1  2  3  4  5  6  7  8  9 10 11 12 13 14 |
---------------+-------------------------------------------+-----
Maces & Flails | 2 3 4 5 6 7 8 9 11 12 13 14 15 | 15.4
Fighting       | 4 5 7 9 10 | 10.4
Invocations    | 2 4 6 8 10 | 10.0
Armour         | 3 4 5 |  5.1
Dodging        | 1 3 4 |  4.0
Evocations     | 1 4 |  4.1
Hexes          | 5 8 9 |  9.9
Spellcasting   | 5 7 |  7.0
Stealth        | 4 7 |  7.1
Translocations | 3 |  3.1
Shields        | |  2.6

Action                     |  1- 3 |  4- 6 |  7- 9 | 10-12 | 13-15 || total
---------------------------+-------+-------+-------+-------+-------++-------
  Melee: Flail             |    56 |    80 |    29 |       |       ||   165
         Whip              |       |    24 |   219 |       |       ||   243
         Headbutt          |       |       |    67 |    91 |   151 ||   309
         Dire flail        |       |       |     7 |   456 |   602 ||  1065
         Hand axe          |       |       |       |     5 |       ||     5
   Cast: Confusing Touch   |       |       |       |       |     2 ||     2
 Invoke: Ancestor Identity |     1 |       |       |       |       ||     1
         Ancestor Life: He |       |     1 |       |       |       ||     1
         Recall Ancestor   |       |       |       |     3 |     2 ||     5
         Transference      |       |       |       |     1 |       ||     1
         Idealise          |       |       |       |     1 |     1 ||     2
  Evoke: Wand              |       |       |       |     5 |     2 ||     7
    Use: Scroll            |       |       |    12 |    16 |     8 ||    36
         Potion            |       |       |       |     4 |     4 ||     8
   Stab: Distracted        |     1 |     2 |     1 |     5 |     2 ||    11
         Confused          |       |     5 |     8 |    14 |    35 ||    62
         Invisible         |       |       |       |       |     8 ||     8
         Sleeping          |       |       |       |       |     2 ||     2
 Armour: Scale mail        |    30 |    22 |       |       |       ||    52
         Chain mail        |       |    13 |   113 |    75 |       ||   201
         Acid dragon scale |       |       |       |   134 |   157 ||   291
  Dodge: Dodged            |    28 |    30 |    78 |   283 |   303 ||   722
  Block: Buckler           |    15 |    17 |    46 |       |       ||    78

Table legend: (Time is in decaauts)
 A = Elapsed time spent in this place.
 B = Non-inter-level travel time spent in this place.
 C = Inter-level travel time spent in this place.
 D = Time resting spent in this place.
 E = Time spent auto-exploring this place.
 F = Levels seen in this place.
 G = Mean time per level.
                   A        B        C        D        E       F      G
               +--------+--------+--------+--------+--------+-----+--------+
         Total |  18193 |  17347 |    846 |   2844 |  10637 |  21 |  866.3 |
       Dungeon |   9182 |   8712 |    470 |   1246 |   5755 |  11 |  834.7 |
          Lair |   6368 |   6047 |    321 |    985 |   3927 |   5 | 1273.6 |
   Spider Nest |    237 |    237 |      0 |      0 |    180 |   1 |  237.0 |
  Orcish Mines |   1815 |   1761 |     54 |    439 |    746 |   2 |  907.5 |
       Ossuary |    233 |    233 |      0 |      0 |     28 |   1 |  233.0 |
        Bailey |    356 |    356 |      0 |    174 |      0 |   1 |  356.0 |
               +--------+--------+--------+--------+--------+-----+--------+

Top non-repeatable levels by time:
  Lair:5: 1935 daAuts
  Lair:2: 1349 daAuts
    D:10: 1322 daAuts
     D:9: 1213 daAuts
  Lair:3: 1203 daAuts
  Lair:4: 1095 daAuts
   Orc:1: 1008 daAuts
     D:1: 893 daAuts
     D:5: 862 daAuts
   Orc:2: 807 daAuts
  Lair:1: 784 daAuts
     D:2: 766 daAuts
     D:7: 739 daAuts
     D:3: 716 daAuts
     D:4: 701 daAuts
